 Dungeon Crawl Stone Soup version 0.24-a0-201-gf205589 (webtiles) character file.

Game seed: 8195177359632392102

86 Borgoz the Bolt Thrower (level 4, -2/27 HPs)
             Began as a Kobold Hunter on Mar 24, 2019.
             Slain by a gnoll
             ... wielding a +0 club
              (5 damage)
             ... on level 3 of the Dungeon.
             The game lasted 00:03:34 (1732 turns).

Borgoz the Bolt Thrower (Kobold Hunter)             Turns: 1732, Time: 00:03:35

Health: -2/27      AC:  7    Str: 10    XL:     4   Next: 78%
Magic:  4/4        EV: 12    Int: 12    God:
Gold:   108        SH:  0    Dex: 15    Spells: 3/3 levels left

rFire    . . .     SeeInvis .   k - +0 short sword (vamp)
rCold    . . .     Gourm    .   (shield restricted)
rNeg     . . .     Faith    .   l - +0 scale mail
rPois    .         Spirit   .   (no helmet)
rElec    .         Reflect  .   (no cloak)
rCorr    .         Harm     .   (no gloves)
MR       .....                  g - +0 pair of boots
Stlth    +.........             (no amulet)
HPRegen  0.09/turn              (no ring)
MPRegen  0.09/turn              (no ring)

@: hasted, very quick
A: small, carnivore
a: no special abilities


You were on level 3 of the Dungeon.
You were completely stuffed.

You visited 1 branch of the dungeon, and saw 3 of its levels.

You collected 108 gold pieces.

Inventory:

Hand Weapons
 k - a +0 vampiric short sword (weapon)
Missiles
 d - 48 bolts
 e - 14 poisoned needles
Armour
 g - a +0 pair of boots (worn)
 l - a +0 scale mail (worn)
Scrolls
 i - a scroll of identify
 j - a scroll of remove curse
 m - 2 scrolls of blinking {unknown}
 n - a scroll of random uselessness {unknown}
 o - 2 scrolls of teleportation {unknown}
 p - a scroll of fog
Potions
 h - a potion of mutation {unknown}
Comestibles
 a - 2 chunks of flesh
 f - 5 rations


   Skills:
 + Level 2.9 Fighting
 * Level 2.9 Short Blades
   Level 4.8 Crossbows
 + Level 1.0 Armour
 + Level 3.1 Dodging
 + Level 2.6 Stealth


You had 3 spell levels left.
You didn't know any spells.
Your spell library was empty.

Dungeon Overview and Level Annotations

Branches:
Dungeon (3/15)

Altars:


Innate Abilities, Weirdness & Mutations

You are small and have problems with some larger weapons.
You are carnivorous and can eat meat at any time.


Message History

The gnoll misses you.
You closely miss the gnoll.
The gnoll is almost dead.
The gnoll misses you. The gnoll barely misses you.
You completely miss the gnoll.
The gnoll is almost dead.
The gnoll hits you with a +0 flail!
* * * LOW HITPOINT WARNING * * *
The gnoll closely misses you.
You are too injured to fight recklessly!
You are too injured to fight recklessly!
You are too injured to fight recklessly!
You feel better. The gnoll hits you with a +0 flail!
* * * LOW HITPOINT WARNING * * *
The gnoll hits you with a +0 club.
* * * LOW HITPOINT WARNING * * *
Unknown command.
It was a potion of haste.
You feel yourself speed up. The gnoll hits you with a +0 club.
You die...

#........##..#.....
#......####........
#.....## ##.......##
#.....# ##.........##
#.....# #.........<.#
#.....###...........#
#####g..............#
#g####.........## #@#
###...#....###
####.###....÷.÷##...#
#..............##.#.#
########.............
#.......###...
######### ##. .


You could see 2 gnolls.

Vanquished Creatures
  A gnoll (D:3)
  2 adders (D:2)
  2 leopard geckos
  9 bats
  2 giant cockroaches
  5 goblins
  6 hobgoblins
  7 jackals (D:1)
  14 frilled lizards
  9 rats
57 creatures vanquished.

Notes
Turn   | Place    | Note
-------+----------+-------------------------------------------
     0 | D:1      | Borgoz the Kobold Hunter began the quest for the Orb.
     0 | D:1      | Reached XP level 1. HP: 12/12 MP: 1/1
     2 | D:1      | Noticed a formicid
     2 | D:1      | Noticed an octopode
     4 | D:1      | Noticed an elf
     4 | D:1      | Noticed a demonspawn
     6 | D:1      | Noticed a tengu
     6 | D:1      | Noticed a troll
    10 | D:1      | Noticed a vine stalker
    10 | D:1      | Noticed an ogre
    12 | D:1      | Noticed a halfling
    14 | D:1      | Noticed a gargoyle
    16 | D:1      | Noticed a naga
    16 | D:1      | Noticed a ghoul
    18 | D:1      | Noticed a vampire
    18 | D:1      | Noticed a felid
    20 | D:1      | Noticed a merfolk
    20 | D:1      | Noticed a human
    22 | D:1      | Noticed a minotaur
    22 | D:1      | Noticed a demigod
    24 | D:1      | Noticed a centaur
    24 | D:1      | Noticed a spriggan
    26 | D:1      | Noticed a dwarf
    26 | D:1      | Noticed a draconian
    62 | D:1      | Reached skill level 1 in Short Blades
    62 | D:1      | Reached XP level 2. HP: 3/18 MP: 2/2
   556 | D:1      | Reached XP level 3. HP: 12/22 MP: 3/3
  1171 | D:2      | Reached XP level 4. HP: 27/27 MP: 4/4
  1712 | D:3      | Reached skill level 1 in Armour
  1732 | D:3      | Slain by a gnoll

Levels and vault maps discovered:
D:1:      kb_arrival_jail, layout_rooms, minmay_lizard_pond
D:2:      layout_basic
D:3:      layout_rooms, uniq_grinder

Skill      XL: |  1  2  3  4 |
---------------+-------------+-----
Short Blades   | 1 2 |  2.9
Stealth        | 2 |  2.6
Dodging        | 3 |  3.1
Armour         | 1 |  1.0
Fighting       | |  2.9
Crossbows      | |  4.8

Action                   |  1- 3 |  4- 6 || total
-------------------------+-------+-------++-------
Melee: Short sword       |   157 |    85 ||   242
 Fire: Hand crossbow     |     7 |       ||     7
  Use: Scroll            |     4 |     1 ||     5
       Potion            |       |     2 ||     2
 Stab: Sleeping          |     1 |       ||     1
       Distracted        |     1 |       ||     1
  Eat: Chunk             |    14 |     2 ||    16
Armor: Leather armour    |     9 |       ||     9
       Chain mail        |    30 |       ||    30
       Scale mail        |    44 |    45 ||    89
Dodge: Dodged            |   116 |    63 ||   179

Table legend:
 A = Non-vault XP
 B = Vault XP
 C = Vault XP percentage of total XP
 D = Non-vault monster count
 E = Vault monster count
 F = Vault count percentage of total count
                 A         B        C        D         E       F
            +---------+---------+-------+---------+---------+-------
      Total |     115 |       9 |   7.3 |      48 |       9 |  15.8
            +---------+---------+-------+---------+---------+-------
        D:1 |      49 |       9 |  15.5 |      29 |       9 |  23.7
        D:2 |      45 |       0 |   0.0 |      14 |       0 |   0.0
        D:3 |      21 |       0 |   0.0 |       5 |       0 |   0.0
            +---------+---------+-------+---------+---------+-------
